 Dungeon Crawl Stone Soup version 0.28.0-56-g4927b6849a (webtiles) character file.

Game seed: 1886554069515934332

27 AarnesTheHuman the Skirmisher (level 3, 33/33 HPs)
             Began as a Hill Orc Fighter on Feb 6, 2023.
             Was a Follower of Trog.
             Got out of the dungeon alive.
             The game lasted 00:00:52 (941 turns).

AarnesTheHuman the Skirmisher (Hill Orc Fighter)     Turns: 941, Time: 00:00:53

Health: 33/33      AC:  6    Str: 20    XL:     3   Next: 10%
Magic:  3/3        EV:  9    Int:  8    God:    Trog [*.....]
Gold:   22         SH:  4    Dex: 10    Spells: 2/2 levels left

rFire   . . .      SeeInvis .   a - +0 war axe
rCold   . . .      Faith    .   c - +0 buckler
rNeg    . . .      Spirit   +   b - +0 scale mail
rPois   .          Reflect  .   (no helmet)
rElec   .          Harm     .   (no cloak)
rCorr   +          Rampage  .   (no gloves)
Will    .....                   (no boots)
Stlth   ..........              f - amulet of guardian spirit
HPRegen 0.11/turn               g - ring of resist corrosion
MPRegen 0.08/turn               (no ring)

@: no status effects
A: no striking features
a: Renounce Religion, Berserk


You escaped.
You worshipped Trog.
Trog was aware of your devotion.
You visited 1 branch of the dungeon, and saw 1 of its levels.

You collected 22 gold pieces.

Inventory:

Hand Weapons
 a - a +0 war axe (weapon)
Missiles
 i - 3 stones (quivered)
Armour
 b - a +0 scale mail (worn)
 c - a +0 buckler (worn)
Jewellery
 f - an amulet of guardian spirit (around neck)
 g - a ring of resist corrosion (left hand)
Scrolls
 e - 3 scrolls of identify {unknown}
Potions
 d - a potion of might
 h - a potion of heal wounds {unknown}


   Skills:
 + Level 4.1 Fighting
 + Level 3.3 Axes
 + Level 3.6 Armour
 + Level 3.6 Shields


You had 2 spell levels left.
You didn't know any spells.
Your spell library contained the following spells:

 Spells                   Type           Power      Damage    Failure   Level
 Confusing Touch          Hex            0%         N/A       99%         3
 Yara's Violent Unravell  Hex/Tmut       0%         3d3       100%        5
 Enfeeble                 Hex            0%         N/A       100%        7


Dungeon Overview and Level Annotations

Branches:
Dungeon (1/15)

Altars:
Trog


Message History

The dart slug launches a dart at you. The slug dart hits you.
You slash the dart slug!
You kill the dart slug!
No target in view!
No target in view!
No target in view!
No target in view!
No target in view!
No target in view!
No target in view!
No target in view!
No target in view!
No target in view!
No target in view!
Magic restored.
Things that are here:
a +0 club; a goblin corpse You pick up a book of Misfortune and begin reading...
You add the spells Confusing Touch, Yara's Violent Unravelling and Enfeeble to your library.
h - a smoky puce potion You see here a bat skeleton.
Found 15 stones.
You see here 15 stones.
You see here 15 stones.
You see here a bat skeleton.
Found a faded altar of an unknown god.
Search for what [? for help]? .
Things that are here:
a +0 short sword; 3 stones
i - 3 stones
There is a faded altar of an unknown god here.
You cannot tell which god this altar belongs to.
Convert to them anyway?
Trog accepts your prayer! Trog welcomes you!
You can now go berserk at will.
Found a faded altar of an unknown god.
There is a staircase leading out of the dungeon here.
Are you sure you want to leave the Dungeon?
This will make you lose the game!
You have escaped!

####......#.# #....
##♣......P...## #....
##.P..P.......# #>...
##P.........P..######....
#.......P....♣.....)....#
#.♣.♣.P...P..P..#.#######
#..................#
#....P.....P.....>.######
#########♣......@.....♣....##....
.(.....##P♣..P.....P............#
.####...#.P.............##.##.#.#
.##........♣♣.P...P.♣♣.♣...##.#†.
.##.............P....P♣.#####.#.#
.#..................♣..## #.#.#
.......#.##♣..P.....P..# #....
##.......# #.♣♣P♣♣.♣.#.# ##...
#.##.##.# ###.....#...# #...


There were no monsters in sight!

Vanquished Creatures
  A dart slug (D:1)
  A ball python (D:1)
  4 endoplasms (D:1)
  3 goblins (D:1)
  A hobgoblin (D:1)
  3 jackals (D:1)
  2 kobolds (D:1)
  A quokka (D:1)
  2 bats (D:1)
  A frilled lizard (D:1)
  2 rats (D:1)
21 creatures vanquished.

Notes
Turn   | Place    | Note
-------+----------+-------------------------------------------
     0 | D:1      | AarnesTheHuman the Hill Orc Fighter began the quest for the
                  | Orb.
     0 | D:1      | Reached XP level 1. HP: 19/19 MP: 1/1
   296 | D:1      | Reached XP level 2. HP: 25/27 MP: 2/2
   452 | D:1      | Reached skill level 4 in Fighting
   611 | D:1      | Reached XP level 3. HP: 27/33 MP: 3/3
   882 | D:1      | Found a faded altar of an unknown god.
   899 | D:1      | Prayed at the altar of an unknown god.
   899 | D:1      | Became a worshipper of Trog the Wrathful
   899 | D:1      | Reached * piety under Trog
   906 | D:1      | Found a faded altar of an unknown god.
   941 | D:$      | Got out of the dungeon alive.

Illustrated notes

Levels and vault maps discovered:
D:1:      wander_arrival_fairy_ring, layout_loops_cross,
          hellmonk_ecumenical_altar_the_god_not_taken

Skill      XL: |  1  2 |
---------------+-------+-----
Axes           | 3 |  3.3
Fighting       | 4 |  4.1
Armour         | |  3.6
Shields        | |  3.6

Action                   || total
-------------------------++-------
Melee: War axe           ||    56
Armor: Scale mail        ||    32
Dodge: Dodged            ||    37
Block: Buckler           ||    13
